 Dungeon Crawl Stone Soup version 0.16-a0-1276-g18860b1 (webtiles) character file.

212 Gruud the Insei (level 5, -10/41 HPs)
             Began as a Demonspawn Monk on Oct 14, 2014.
             Mangled by an ogre
             ... wielding a +0 giant club
              (22 damage)
             ... on level 4 of the Dungeon.
             The game lasted 00:11:38 (3818 turns).

Gruud the Insei (Demonspawn Monk)                   Turns: 3818, Time: 00:11:38

Health: -10/41     AC:  2    Str: 12    XL:     5   Next: 58%
Magic:  5/5        EV: 14    Int: 12    God:
Gold:   136        SH:  0    Dex: 15    Spells: 0 memorised, 4 levels left

rFire  . . .     SeeInvis .       - Unarmed
rCold  + . .     Clarity  .     j - +0 robe (curse)
rNeg   . . .     SustAb   .     (no shield)
rPois  .         Gourm    .     (no helmet)
rElec  .         Spirit   .     (no cloak)
rCorr  .         Warding  .     (no gloves)
rMut   .         Stasis   .     (no boots)
MR     .....                    (no amulet)
Stlth  ++........               (no ring)
                                h - ring of invisibility

@: not resistant to hostile enchantments, unstealthy
A: cold resistance 1, spiny 1
a: Evoke Invisibility


You were on level 4 of the Dungeon.
You were not hungry.

You visited 1 branch of the dungeon, and saw 4 of its levels.

You collected 136 gold pieces.

Inventory:

Missiles
 i - 9 poisoned needles
Armour
 j - a cursed +0 robe (worn)
Jewellery
 h - a ring of invisibility (left hand)
Scrolls
 e - 2 scrolls of remove curse
 k - a scroll of amnesia
Potions
 c - a potion of porridge
 l - a potion of might
Comestibles
 a - a chunk of ball python flesh
 b - 3 bread rations
 d - a slice of pizza
 f - 2 fruits
 g - 3 rotting chunks of black bear flesh
 m - 2 royal jellies


   Skills:
 - Level 3.0 Fighting
 + Level 3.9 Dodging
 - Level 1.7 Stealth
 * Level 5.5 Unarmed Combat


You had 4 spell levels left.
You didn't know any spells.

Dungeon Overview and Level Annotations

Branches:
Dungeon (4/15)
 Temple: D:4-7

Altars:
Sif Muna
Yredelemnul


Innate Abilities, Weirdness & Mutations

Your flesh is cold resistant.
You are partially covered in sharp spines.


Message History

a - a chunk of ball python flesh You see here a ball python skeleton.
Found a scroll of remove curse.
You now have 136 gold pieces (gained 8).
e - 2 scrolls of remove curse (gained 1)
Found a stone staircase leading up.
An ogre comes into view. It is wielding a giant club.
You hit the ogre.
The ogre is lightly wounded.
The ogre hits you with a giant club!
You hit the ogre.
The ogre is moderately wounded.
The ogre hits you with a giant club!!
Ouch! That really hurt!
* * * LOW HITPOINT WARNING * * *
You smell something rotten. (slot g)
There is a stone staircase leading up here.
The ogre hits you with a giant club!!
Ouch! That really hurt!
You die...

..# ##..............# ..#
#...............# ..#
##...............# ..#
#..#.............#
..#####.###............###
..#...#.#
##.............##
........##
##........###..###
.........## ###.....##
###..## ..........##
##@O.## ##..####
...........# ##### ###....
..........## ##.##
..........# #.#
........[.# #.#
.########## ### ##


You could see an ogre.

Vanquished Creatures
  A black bear (D:4)
  2 gnolls
  3 adders
  A worm (D:2)
  A giant mite (D:2)
  2 giant geckos
  7 bats
  12 goblins
  6 hobgoblins (D:2)
  3 jackals (D:2)
  10 kobolds
  An ooze (D:1)
  2 ball pythons
  2 giant cockroaches
  6 giant newts
  10 rats
69 creatures vanquished.

Notes
Turn   | Place    | Note
--------------------------------------------------------------
     0 | D:1      | Gruud, the Demonspawn Monk, began the quest for the Orb.
     0 | D:1      | Reached XP level 1. HP: 18/18 MP: 1/1
   138 | D:1      | Gained mutation: You are partially covered in sharp spines. [demonic ancestry]
   138 | D:1      | Reached XP level 2. HP: 13/24 MP: 2/2
   395 | D:1      | Reached skill level 4 in Unarmed Combat
  1121 | D:2      | Gained mutation: Your flesh is cold resistant. [demonic ancestry]
  1121 | D:2      | Reached XP level 3. HP: 24/29 MP: 3/3
  1831 | D:2      | Reached XP level 4. HP: 6/35 MP: 4/4
  2464 | D:3      | Found a basalt altar of Yredelemnul.
  2464 | D:3      | Found a deep blue altar of Sif Muna.
  2994 | D:2      | Reached skill level 5 in Unarmed Combat
  3558 | D:4      | Noticed a black bear
  3568 | D:4      | Killed a black bear
  3568 | D:4      | Reached XP level 5. HP: 23/41 MP: 5/5
  3793 | D:4      | Noticed an ogre
  3818 | D:4      | Mangled by an ogre

Action                   |  1- 3 |  4- 6 || total
-------------------------+-------+-------++-------
Melee: Unarmed           |   127 |    79 ||   206
  Use: Scroll            |       |     5 ||     5
       Potion            |       |     3 ||     3
 Stab: Sleeping          |     1 |     4 ||     5
  Eat: Chunk             |     3 |     5 ||     8
       Pizza             |       |     1 ||     1
